[ PARTIDA AOE2 · #484438770 ]
Team RMGeorgianos vs Khitans
[ ANÁLISIS DE REPETICIÓN · EXTRAÍDO DE LA PARTIDA GRABADA ]
Feudal
12:45
Castillos
17:39
Imperial
34:44
| APM promedio | 55.4 |
| APM pico | 120 |
| eAPM promedio | 16.3 |
| Aldeanos / militares | 144 / 114 |
Foco
⚔️ 30.4% · 🌾 69.6%
Scout Cavalry ×101 · Demolition Raft ×6 · Knight ×4 · Battering Ram ×3
Feudal
11:42
Castillos
20:48
Imperial
34:41
| APM promedio | 25.5 |
| APM pico | 85 |
| eAPM promedio | 14.8 |
| Aldeanos / militares | 68 / 213 |
Foco
⚔️ 46.1% · 🌾 53.9%
Skirmisher ×142 · Spearman ×29 · Scout Cavalry ×27 · Fishing Ship ×15 · Cannon Galleon ×7 · Unknown (1920) ×6
Feudal
12:10
Castillos
23:45
Imperial
35:06
| APM promedio | 33.0 |
| APM pico | 72 |
| eAPM promedio | 17.5 |
| Aldeanos / militares | 108 / 164 |
Foco
⚔️ 30.2% · 🌾 69.8%
Archer ×138 · Trebuchet (Packed) ×10 · Monk ×7 · Trade Cart ×7 · Skirmisher ×5 · Petard ×2
Feudal
14:34
Castillos
28:39
Imperial
—
| APM promedio | 24.4 |
| APM pico | 63 |
| eAPM promedio | 11.0 |
| Aldeanos / militares | 71 / 15 |
Foco
⚔️ 29.4% · 🌾 70.6%
Unknown (1949) ×19 · Fishing Ship ×15 · Demolition Raft ×6 · Spearman ×5 · Scout Cavalry ×4 · Unknown (1944) ×4
Feudal
14:43
Castillos
24:55
Imperial
42:45
| APM promedio | 29.0 |
| APM pico | 79 |
| eAPM promedio | 17.6 |
| Aldeanos / militares | 146 / 111 |
Foco
⚔️ 32.9% · 🌾 67.1%
Militia ×45 · Composite Bowman ×22 · Spearman ×21 · Fishing Ship ×14 · Battering Ram ×11 · Mangonel ×6
Feudal
10:58
Castillos
24:17
Imperial
45:28
| APM promedio | 32.9 |
| APM pico | 81 |
| eAPM promedio | 22.8 |
| Aldeanos / militares | 219 / 131 |
Foco
⚔️ 21.0% · 🌾 79.0%
Militia ×129 · Monk ×2 · Trade Cart ×1
Mapa de la partida
Recursos iniciales + cada clic de construcción. Líneas = muros · curvas = relieve. ◆ oro · ⬟ piedra · ● bayas · ✦ reliquia · ◌ hueco del cierre
Tu base· Abierta — hueco de 8t
Base de sergiogl100· ✓ Cerrada en 20:48 · 0t muro · frágil
Base de Nixo_89· Abierta — hueco de 12t
Base de RodMe27· ✓ Cerrada en 28:39 · 36t muro · 3 puerta(s)
Base de King Dario II· ✓ Cerrada en 24:55 · 26t muro · 3 puerta(s)
Base de 🌟Stargazer· ✓ Cerrada en 24:17 · 100t muro · 9 puerta(s)
Terreno inicial suavizado · ◌ = hueco del cierre detectado · pasá el cursor para detalles
Inputs por minuto
— Andrew - - sergiogl100
Build order — Andrew
Primeras 150 de 398 acciones detectadas
| 0:02 | Crear | Villager (Male) |
| 0:02 | Crear | Villager (Male) |
| 0:02 | Crear | Villager (Male) |
| 0:02 | Crear | Villager (Male) |
| 0:04 | Construir | House |
| 0:05 | Construir | House |
| 1:19 | Crear | Villager (Male) |
| 1:19 | Crear | Villager (Male) |
| 2:18 | Crear | Villager (Male) |
| 2:18 | Crear | Villager (Male) |
| 2:19 | Crear | Villager (Male) |
| 2:24 | Crear | Villager (Male) |
| 2:25 | Crear | Villager (Male) |
| 3:26 | Crear | Villager (Male) |
| 3:26 | Crear | Villager (Male) |
| 3:26 | Crear | Villager (Male) |
| 3:26 | Crear | Villager (Male) |
| 3:55 | Construir | House |
| 4:01 | Crear | Villager (Male) |
| 4:02 | Crear | Villager (Male) |
| 4:16 | Crear | Villager (Male) |
| 4:16 | Crear | Villager (Male) |
| 4:16 | Crear | Villager (Male) |
| 4:27 | Construir | Mill |
| 4:56 | Crear | Villager (Male) |
| 4:56 | Crear | Villager (Male) |
| 4:56 | Crear | Villager (Male) |
| 5:57 | Crear | Villager (Male) |
| 5:57 | Crear | Villager (Male) |
| 5:57 | Crear | Villager (Male) |
| 6:08 | Construir | House |
| 6:34 | Crear | Villager (Male) |
| 6:35 | Crear | Villager (Male) |
| 6:35 | Crear | Villager (Male) |
| 7:12 | Crear | Villager (Male) |
| 7:38 | Construir | Palisade Gate |
| 8:01 | Construir | House |
| 8:12 | Crear | Villager (Male) |
| 8:33 | Construir | Palisade Wall |
| 8:46 | Crear | Villager (Male) |
| 9:02 | Construir | Mule Cart |
| 9:45 | Crear | Villager (Male) |
| 9:45 | Crear | Villager (Male) |
| 9:51 | Investigar | Loom |
| 10:09 | Construir | Palisade Wall |
| 10:27 | Investigar | Feudal Age |
| 11:15 | Construir | Farm |
| 11:18 | Construir | Farm |
| 11:25 | Construir | Barracks |
| 11:36 | Construir | Palisade Gate |
| 11:54 | Crear | Villager (Male) |
| 12:16 | Construir | Palisade Wall |
| 12:42 | Construir | Farm |
| 12:45 | Edad | Edad Feudal |
| 12:49 | Construir | Stable |
| 12:53 | Crear | Villager (Male) |
| 12:56 | Construir | Blacksmith |
| 13:25 | Construir | Palisade Wall |
| 13:42 | Crear | Villager (Male) |
| 13:43 | Crear | Villager (Male) |
| 13:45 | Construir | Farm |
| 13:48 | Construir | Farm |
| 13:54 | Construir | Farm |
| 13:57 | Construir | Farm |
| 14:03 | Construir | Market |
| 14:20 | Construir | Mule Cart |
| 14:35 | Crear | Villager (Male) |
| 14:51 | Construir | House |
| 14:53 | Construir | House |
| 14:59 | Investigar | Castle Age |
| 15:30 | Construir | House |
| 15:37 | Crear | Scout Cavalry |
| 15:38 | Crear | Scout Cavalry |
| 15:43 | Construir | Farm |
| 15:45 | Construir | Farm |
| 16:09 | Construir | Palisade Wall |
| 16:17 | Construir | Mule Cart |
| 16:34 | Construir | Farm |
| 16:39 | Construir | Farm |
| 16:47 | Construir | Farm |
| 16:50 | Construir | Farm |
| 17:03 | Crear | Scout Cavalry |
| 17:06 | Investigar | Forging |
| 17:27 | Crear | Villager (Male) |
| 17:39 | Edad | Edad de los Castillos |
| 17:41 | Investigar | Light Cavalry (upgrade) |
| 17:58 | Crear | Villager (Male) |
| 18:14 | Construir | Siege Workshop |
| 18:18 | Construir | Farm |
| 18:19 | Crear | Villager (Male) |
| 18:27 | Crear | Scout Cavalry |
| 18:37 | Crear | Knight |
| 18:48 | Crear | Villager (Male) |
| 18:55 | Construir | House |
| 19:00 | Construir | House |
| 19:01 | Construir | House |
| 19:20 | Investigar | Husbandry |
| 19:46 | Crear | Villager (Male) |
| 19:47 | Crear | Villager (Male) |
| 19:55 | Construir | Farm |
| 19:56 | Construir | Farm |
| 20:06 | Construir | House |
| 20:07 | Construir | House |
| 20:08 | Crear | Scout Cavalry |
| 20:20 | Construir | Gate |
| 20:30 | Crear | Villager (Male) |
| 20:37 | Construir | Town Center |
| 20:42 | Crear | Villager (Male) |
| 20:53 | Crear | Knight |
| 20:53 | Crear | Knight |
| 21:09 | Construir | Farm |
| 21:13 | Investigar | Horse Collar |
| 21:22 | Investigar | Double-Bit Axe |
| 21:48 | Construir | Farm |
| 21:48 | Construir | Farm |
| 21:50 | Crear | Villager (Male) |
| 21:51 | Crear | Villager (Male) |
| 22:03 | Crear | Villager (Male) |
| 22:05 | Crear | Villager (Male) |
| 22:05 | Crear | Villager (Male) |
| 22:11 | Crear | Knight |
| 22:47 | Crear | Villager (Male) |
| 22:47 | Crear | Villager (Male) |
| 22:56 | Crear | Villager (Male) |
| 23:08 | Investigar | Bloodlines |
| 23:08 | Investigar | Bloodlines |
| 23:40 | Crear | Villager (Male) |
| 23:41 | Crear | Villager (Male) |
| 23:45 | Construir | Farm |
| 23:47 | Construir | Farm |
| 23:54 | Crear | Villager (Male) |
| 23:55 | Crear | Villager (Male) |
| 24:05 | Crear | Scout Cavalry |
| 24:05 | Crear | Scout Cavalry |
| 24:24 | Crear | Villager (Male) |
| 24:24 | Crear | Villager (Male) |
| 24:32 | Construir | Farm |
| 24:33 | Construir | Farm |
| 25:08 | Crear | Villager (Male) |
| 25:09 | Crear | Villager (Male) |
| 25:09 | Crear | Villager (Male) |
| 25:10 | Crear | Villager (Male) |
| 25:32 | Crear | Scout Cavalry |
| 25:32 | Crear | Scout Cavalry |
| 26:09 | Crear | Villager (Male) |
| 26:09 | Crear | Villager (Male) |
| 26:09 | Crear | Villager (Male) |
| 26:27 | Crear | Villager (Male) |
| 26:30 | Construir | Farm |
| 26:31 | Construir | Farm |
Build order — sergiogl100
Primeras 150 de 420 acciones detectadas
| 0:02 | Crear | Villager (Male) |
| 0:02 | Crear | Villager (Male) |
| 0:02 | Crear | Villager (Male) |
| 0:02 | Crear | Villager (Male) |
| 0:11 | Construir | House |
| 0:12 | Construir | House |
| 0:35 | Investigar | Loom |
| 2:04 | Crear | Villager (Male) |
| 2:29 | Crear | Villager (Male) |
| 2:29 | Crear | Villager (Male) |
| 2:54 | Crear | Villager (Male) |
| 2:55 | Crear | Villager (Male) |
| 3:22 | Construir | Dock |
| 3:37 | Crear | Villager (Male) |
| 3:37 | Crear | Villager (Male) |
| 4:30 | Crear | Villager (Male) |
| 4:30 | Crear | Villager (Male) |
| 4:53 | Construir | House |
| 5:11 | Crear | Villager (Male) |
| 5:11 | Crear | Villager (Male) |
| 5:34 | Crear | Fishing Ship |
| 5:41 | Crear | Villager (Male) |
| 5:42 | Crear | Villager (Male) |
| 5:42 | Crear | Villager (Male) |
| 5:49 | Construir | House |
| 6:44 | Construir | Lumber Camp |
| 8:12 | Crear | Fishing Ship |
| 8:39 | Construir | Mill |
| 9:32 | Investigar | Feudal Age |
| 9:33 | Crear | Villager (Male) |
| 9:33 | Crear | Villager (Male) |
| 9:37 | Crear | Fishing Ship |
| 9:38 | Crear | Fishing Ship |
| 10:23 | Construir | Mining Camp |
| 11:14 | Crear | Fishing Ship |
| 11:19 | Crear | Fishing Ship |
| 11:42 | Edad | Edad Feudal |
| 11:48 | Construir | House |
| 11:52 | Construir | House |
| 12:03 | Crear | Villager (Male) |
| 12:24 | Construir | Dock |
| 12:46 | Investigar | Double-Bit Axe |
| 12:56 | Construir | Lumber Camp |
| 13:01 | Crear | Villager (Male) |
| 13:02 | Crear | Villager (Male) |
| 13:07 | Crear | Fishing Ship |
| 13:07 | Crear | Fishing Ship |
| 13:27 | Crear | Villager (Male) |
| 13:49 | Crear | Villager (Male) |
| 13:54 | Investigar | Tech 906 |
| 13:55 | Crear | Fishing Ship |
| 14:26 | Construir | House |
| 14:30 | Construir | House |
| 14:46 | Construir | Barracks |
| 14:50 | Crear | Fishing Ship |
| 15:05 | Crear | Villager (Male) |
| 15:06 | Crear | Villager (Male) |
| 15:31 | Crear | Fishing Ship |
| 15:32 | Crear | Fishing Ship |
| 16:03 | Crear | Villager (Male) |
| 16:03 | Crear | Villager (Male) |
| 16:04 | Crear | Villager (Male) |
| 16:22 | Construir | Stable |
| 16:26 | Crear | Fishing Ship |
| 16:31 | Crear | Villager (Male) |
| 16:31 | Crear | Villager (Male) |
| 17:01 | Construir | Pasture |
| 17:09 | Construir | Blacksmith |
| 17:19 | Construir | Market |
| 17:32 | Construir | House |
| 17:35 | Construir | House |
| 17:36 | Construir | House |
| 17:48 | Construir | Mining Camp |
| 18:04 | Investigar | Castle Age |
| 18:22 | Construir | Archery Range |
| 18:28 | Construir | Archery Range |
| 18:36 | Crear | Scout Cavalry |
| 18:36 | Crear | Scout Cavalry |
| 18:59 | Crear | Scout Cavalry |
| 19:13 | Crear | Villager (Male) |
| 19:27 | Crear | Villager (Male) |
| 19:45 | Construir | Pasture |
| 19:46 | Construir | Pasture |
| 19:56 | Investigar | Tech 1014 |
| 20:21 | Crear | Scout Cavalry |
| 20:21 | Crear | Scout Cavalry |
| 20:21 | Crear | Scout Cavalry |
| 20:27 | Crear | Spearman |
| 20:27 | Crear | Spearman |
| 20:28 | Crear | Spearman |
| 20:48 | Edad | Edad de los Castillos |
| 20:49 | Construir | Stone Wall |
| 21:07 | Construir | Gate |
| 21:18 | Investigar | Elite Skirmisher (upgrade) |
| 21:20 | Crear | Villager (Male) |
| 21:21 | Crear | Villager (Male) |
| 21:29 | Construir | Town Center |
| 21:36 | Crear | Villager (Male) |
| 21:39 | Investigar | Fletching |
| 21:44 | Crear | Skirmisher |
| 21:44 | Crear | Skirmisher |
| 21:45 | Crear | Skirmisher |
| 21:48 | Crear | Skirmisher |
| 21:48 | Crear | Skirmisher |
| 21:49 | Crear | Skirmisher |
| 22:19 | Construir | House |
| 22:22 | Construir | House |
| 22:24 | Construir | House |
| 22:25 | Construir | House |
| 22:31 | Construir | House |
| 22:31 | Construir | House |
| 22:32 | Construir | House |
| 22:32 | Construir | House |
| 22:38 | Construir | House |
| 22:49 | Crear | Skirmisher |
| 22:49 | Crear | Skirmisher |
| 22:50 | Crear | Skirmisher |
| 22:57 | Crear | Spearman |
| 22:57 | Crear | Spearman |
| 22:58 | Crear | Spearman |
| 22:58 | Crear | Spearman |
| 22:58 | Crear | Spearman |
| 23:29 | Construir | Fish Trap |
| 23:34 | Construir | Fish Trap |
| 23:51 | Crear | Villager (Male) |
| 23:52 | Crear | Villager (Male) |
| 23:52 | Crear | Villager (Male) |
| 23:53 | Crear | Villager (Male) |
| 23:53 | Crear | Villager (Male) |
| 23:54 | Crear | Villager (Male) |
| 23:55 | Crear | Villager (Male) |
| 24:27 | Construir | Castle |
| 24:54 | Crear | Villager (Male) |
| 24:54 | Crear | Villager (Male) |
| 24:54 | Crear | Villager (Male) |
| 25:03 | Investigar | Pikeman (upgrade) |
| 25:14 | Crear | Villager (Male) |
| 25:14 | Crear | Villager (Male) |
| 25:14 | Crear | Villager (Male) |
| 25:39 | Construir | Fish Trap |
| 25:40 | Construir | Fish Trap |
| 25:40 | Construir | Fish Trap |
| 25:46 | Construir | Fish Trap |
| 25:46 | Construir | Fish Trap |
| 25:51 | Construir | Fish Trap |
| 25:57 | Construir | Fish Trap |
| 25:59 | Construir | Fish Trap |
| 25:59 | Construir | Fish Trap |
| 26:00 | Construir | Fish Trap |
| 26:01 | Construir | Fish Trap |
Build order — Nixo_89
Primeras 150 de 342 acciones detectadas
| 0:02 | Crear | Villager (Male) |
| 0:02 | Crear | Villager (Male) |
| 0:02 | Crear | Villager (Male) |
| 0:04 | Construir | House |
| 0:05 | Construir | House |
| 0:46 | Crear | Villager (Male) |
| 1:25 | Crear | Villager (Male) |
| 1:51 | Crear | Villager (Male) |
| 1:51 | Crear | Villager (Male) |
| 2:34 | Crear | Villager (Male) |
| 2:47 | Crear | Villager (Male) |
| 3:03 | Construir | Lumber Camp |
| 3:35 | Crear | Villager (Male) |
| 4:06 | Crear | Villager (Male) |
| 4:06 | Crear | Villager (Male) |
| 4:07 | Crear | Villager (Male) |
| 4:25 | Investigar | Loom |
| 4:52 | Crear | Villager (Male) |
| 5:02 | Construir | House |
| 5:04 | Construir | House |
| 5:05 | Construir | House |
| 5:34 | Construir | Palisade Wall |
| 5:45 | Crear | Villager (Male) |
| 6:05 | Crear | Villager (Male) |
| 6:23 | Crear | Villager (Male) |
| 6:51 | Construir | Palisade Wall |
| 7:01 | Crear | Villager (Male) |
| 7:34 | Crear | Villager (Male) |
| 7:46 | Construir | Mill |
| 8:12 | Crear | Villager (Male) |
| 8:30 | Crear | Villager (Male) |
| 8:35 | Construir | Mining Camp |
| 8:39 | Crear | Villager (Male) |
| 8:51 | Construir | Outpost |
| 9:04 | Construir | Palisade Wall |
| 9:15 | Construir | Farm |
| 9:36 | Construir | Farm |
| 9:45 | Investigar | Feudal Age |
| 9:52 | Construir | Outpost |
| 10:42 | Construir | Palisade Wall |
| 10:48 | Construir | Palisade Wall |
| 10:55 | Construir | Palisade Wall |
| 11:25 | Construir | Farm |
| 11:31 | Construir | Farm |
| 11:48 | Construir | Farm |
| 12:00 | Construir | House |
| 12:03 | Construir | House |
| 12:08 | Construir | House |
| 12:10 | Edad | Edad Feudal |
| 12:20 | Construir | Barracks |
| 12:22 | Crear | Villager (Male) |
| 12:22 | Crear | Villager (Male) |
| 12:36 | Crear | Villager (Male) |
| 12:44 | Investigar | Double-Bit Axe |
| 13:17 | Crear | Villager (Male) |
| 13:34 | Crear | Villager (Male) |
| 13:45 | Construir | Archery Range |
| 14:16 | Construir | Palisade Wall |
| 14:19 | Crear | Villager (Male) |
| 14:33 | Construir | Farm |
| 14:37 | Investigar | Horse Collar |
| 14:38 | Crear | Archer |
| 14:39 | Crear | Archer |
| 14:52 | Crear | Archer |
| 14:56 | Construir | Farm |
| 15:26 | Crear | Villager (Male) |
| 15:27 | Crear | Villager (Male) |
| 15:39 | Construir | Blacksmith |
| 15:49 | Construir | Palisade Gate |
| 16:00 | Construir | Farm |
| 16:06 | Crear | Villager (Male) |
| 16:27 | Construir | Watch Tower |
| 16:39 | Construir | Mining Camp |
| 16:41 | Construir | Palisade Wall |
| 16:51 | Construir | Stone Wall |
| 16:56 | Crear | Villager (Male) |
| 16:57 | Crear | Villager (Male) |
| 17:12 | Crear | Villager (Male) |
| 17:44 | Construir | Mill |
| 18:05 | Crear | Villager (Male) |
| 18:24 | Construir | Farm |
| 18:38 | Crear | Villager (Male) |
| 18:41 | Construir | Farm |
| 18:48 | Construir | Stone Wall |
| 18:56 | Construir | Stone Wall |
| 18:58 | Construir | Stone Wall |
| 19:02 | Construir | Stone Wall |
| 19:07 | Crear | Villager (Male) |
| 19:09 | Crear | Villager (Male) |
| 19:26 | Construir | Stone Wall |
| 19:27 | Construir | Stone Wall |
| 19:40 | Crear | Villager (Male) |
| 19:46 | Construir | Farm |
| 20:03 | Construir | Farm |
| 20:07 | Crear | Archer |
| 20:07 | Crear | Archer |
| 20:28 | Construir | House |
| 20:29 | Construir | House |
| 20:32 | Construir | House |
| 20:33 | Construir | House |
| 20:38 | Construir | Farm |
| 20:39 | Crear | Villager (Male) |
| 20:50 | Construir | Market |
| 21:05 | Investigar | Castle Age |
| 21:10 | Construir | Farm |
| 21:59 | Crear | Villager (Male) |
| 22:01 | Investigar | Wheelbarrow |
| 22:16 | Construir | Mining Camp |
| 22:27 | Investigar | Forging |
| 22:31 | Investigar | Fletching |
| 22:39 | Investigar | Gold Mining |
| 23:34 | Construir | Stone Wall |
| 23:35 | Construir | Stone Wall |
| 23:45 | Edad | Edad de los Castillos |
| 23:52 | Construir | Outpost |
| 23:59 | Construir | Town Center |
| 24:15 | Construir | Gate |
| 24:21 | Construir | Palisade Gate |
| 24:25 | Construir | Outpost |
| 24:26 | Crear | Villager (Male) |
| 24:28 | Crear | Villager (Male) |
| 24:31 | Construir | Monastery |
| 25:04 | Crear | Monk ×5 |
| 25:11 | Construir | Farm |
| 25:13 | Investigar | Crossbowman (upgrade) |
| 25:19 | Crear | Villager (Male) |
| 25:20 | Crear | Villager (Male) |
| 25:30 | Investigar | Bow Saw |
| 26:15 | Crear | Villager (Male) |
| 26:16 | Crear | Villager (Male) |
| 26:20 | Crear | Villager (Male) |
| 26:46 | Construir | Farm |
| 27:09 | Construir | Castle |
| 27:13 | Crear | Villager (Male) |
| 27:13 | Crear | Villager (Male) |
| 27:17 | Investigar | Heavy Plow |
| 27:30 | Investigar | Bodkin Arrow |
| 27:34 | Construir | University |
| 27:41 | Crear | Villager (Male) |
| 27:45 | Crear | Villager (Male) |
| 27:48 | Crear | Villager (Male) |
| 28:23 | Crear | Villager (Male) |
| 28:24 | Crear | Villager (Male) |
| 28:25 | Crear | Villager (Male) |
| 28:30 | Construir | Farm |
| 28:34 | Construir | Farm |
| 28:41 | Construir | Farm |
| 28:44 | Crear | Villager (Male) |
| 28:45 | Crear | Villager (Male) |
| 28:54 | Construir | Town Center |
Build order — RodMe27
Primeras 150 de 226 acciones detectadas
| 0:01 | Crear | Villager (Male) |
| 0:02 | Crear | Villager (Male) |
| 0:02 | Crear | Villager (Male) |
| 0:02 | Crear | Villager (Male) |
| 0:03 | Construir | House |
| 0:05 | Construir | House |
| 1:36 | Construir | Palisade Wall |
| 2:25 | Construir | Palisade Wall |
| 2:31 | Crear | Villager (Male) |
| 2:32 | Crear | Villager (Male) |
| 3:06 | Crear | Villager (Male) |
| 3:29 | Construir | Palisade Wall |
| 3:35 | Crear | Villager (Male) |
| 3:44 | Crear | Villager (Male) |
| 3:55 | Construir | Palisade Gate |
| 5:09 | Construir | Dock |
| 5:23 | Crear | Villager (Male) |
| 5:23 | Crear | Villager (Male) |
| 6:14 | Crear | Villager (Male) |
| 6:14 | Crear | Villager (Male) |
| 6:21 | Construir | Lumber Camp |
| 6:44 | Construir | House |
| 7:30 | Crear | Villager (Male) |
| 7:34 | Investigar | Loom |
| 7:46 | Crear | Fishing Ship |
| 7:56 | Construir | House |
| 8:38 | Crear | Fishing Ship |
| 8:53 | Crear | Villager (Male) |
| 9:44 | Crear | Villager (Male) |
| 9:50 | Construir | Mill |
| 10:21 | Crear | Villager (Male) |
| 10:22 | Crear | Villager (Male) |
| 10:22 | Crear | Villager (Male) |
| 10:30 | Crear | Fishing Ship |
| 10:30 | Crear | Fishing Ship |
| 10:48 | Crear | Villager (Male) |
| 11:16 | Construir | House |
| 11:20 | Construir | House |
| 11:49 | Construir | House |
| 12:24 | Investigar | Feudal Age |
| 12:32 | Construir | Barracks |
| 13:04 | Crear | Fishing Ship |
| 13:29 | Construir | Mining Camp |
| 14:34 | Edad | Edad Feudal |
| 14:44 | Construir | Stable |
| 16:08 | Construir | Gate |
| 16:22 | Crear | Demolition Raft |
| 16:32 | Crear | Scout Cavalry |
| 16:33 | Crear | Scout Cavalry |
| 16:33 | Crear | Scout Cavalry |
| 16:33 | Crear | Scout Cavalry |
| 17:09 | Crear | Villager (Male) |
| 17:10 | Crear | Villager (Male) |
| 17:10 | Crear | Villager (Male) |
| 17:11 | Crear | Villager (Male) |
| 17:26 | Construir | Mill |
| 17:36 | Crear | Fishing Ship |
| 17:36 | Crear | Fishing Ship |
| 17:41 | Crear | Villager (Male) |
| 17:42 | Crear | Villager (Male) |
| 18:30 | Construir | House |
| 18:52 | Construir | House |
| 19:20 | Crear | Villager (Male) |
| 19:21 | Crear | Villager (Male) |
| 19:35 | Construir | Blacksmith |
| 20:04 | Crear | Spearman |
| 20:35 | Construir | Mining Camp |
| 20:36 | Crear | Villager (Male) |
| 20:36 | Crear | Villager (Male) |
| 20:44 | Crear | Spearman |
| 20:44 | Crear | Spearman |
| 20:44 | Crear | Spearman |
| 20:44 | Crear | Spearman |
| 20:49 | Crear | Villager (Male) |
| 21:19 | Construir | Stone Wall |
| 21:31 | Crear | Villager (Male) |
| 21:32 | Crear | Villager (Male) |
| 21:32 | Crear | Villager (Male) |
| 21:44 | Investigar | Stone Mining |
| 22:33 | Construir | Stone Wall |
| 23:04 | Construir | Gate |
| 23:17 | Construir | House |
| 23:40 | Crear | Villager (Male) |
| 23:41 | Crear | Villager (Male) |
| 23:41 | Crear | Villager (Male) |
| 23:55 | Construir | Farm |
| 23:55 | Construir | Farm |
| 23:55 | Construir | Farm |
| 23:56 | Construir | Farm |
| 23:56 | Construir | Farm |
| 23:56 | Construir | Farm |
| 23:57 | Construir | Farm |
| 24:16 | Construir | House |
| 24:19 | Construir | House |
| 25:03 | Construir | Market |
| 25:29 | Construir | House |
| 25:33 | Construir | House |
| 25:46 | Investigar | Castle Age |
| 26:37 | Construir | House |
| 26:38 | Construir | House |
| 26:40 | Construir | House |
| 26:48 | Construir | House |
| 26:50 | Construir | House |
| 28:39 | Edad | Edad de los Castillos |
| 29:09 | Investigar | Pikeman (upgrade) |
| 29:36 | Construir | Castle |
| 30:07 | Construir | House |
| 30:17 | Construir | House |
| 30:30 | Investigar | Husbandry |
| 30:30 | Investigar | Bloodlines |
| 30:31 | Crear | Unit 1944 |
| 30:32 | Crear | Unit 1944 |
| 30:32 | Crear | Unit 1944 |
| 30:32 | Crear | Unit 1944 |
| 30:59 | Construir | Stone Wall |
| 31:03 | Construir | Farm |
| 31:03 | Construir | Farm |
| 31:03 | Construir | Farm |
| 31:03 | Construir | Farm |
| 31:25 | Construir | House |
| 31:33 | Construir | Farm |
| 31:34 | Construir | Farm |
| 31:34 | Construir | Farm |
| 31:34 | Construir | Farm |
| 32:06 | Construir | Stone Wall |
| 32:15 | Construir | Stone Wall |
| 32:32 | Crear | Villager (Male) |
| 32:33 | Crear | Villager (Male) |
| 32:33 | Crear | Villager (Male) |
| 32:33 | Crear | Villager (Male) |
| 32:33 | Crear | Villager (Male) |
| 33:09 | Crear | Villager (Male) |
| 33:09 | Crear | Villager (Male) |
| 33:10 | Crear | Villager (Male) |
| 33:10 | Crear | Villager (Male) |
| 34:31 | Construir | House |
| 34:32 | Construir | House |
| 37:33 | Construir | House |
| 38:47 | Construir | Town Center |
| 39:10 | Crear | Unit 1949 |
| 39:10 | Crear | Unit 1949 |
| 39:11 | Crear | Unit 1949 |
| 39:11 | Crear | Unit 1949 |
| 39:11 | Crear | Unit 1949 |
| 39:12 | Crear | Unit 1949 |
| 39:12 | Crear | Unit 1949 |
| 39:12 | Crear | Unit 1949 |
| 39:49 | Crear | Demolition Raft |
| 39:50 | Crear | Demolition Raft |
| 39:50 | Crear | Demolition Raft |
Build order — King Dario II
Primeras 150 de 465 acciones detectadas
| 0:00 | Crear | Villager (Male) |
| 0:01 | Crear | Villager (Male) |
| 0:01 | Crear | Villager (Male) |
| 0:02 | Crear | Villager (Male) |
| 0:04 | Construir | House |
| 0:06 | Construir | House |
| 1:24 | Crear | Villager (Male) |
| 2:00 | Investigar | Loom |
| 2:02 | Crear | Villager (Male) |
| 2:17 | Crear | Villager (Male) |
| 2:52 | Crear | Villager (Male) |
| 2:52 | Crear | Villager (Male) |
| 3:25 | Crear | Villager (Male) |
| 3:57 | Crear | Villager (Male) |
| 4:02 | Construir | House |
| 4:35 | Crear | Villager (Male) |
| 5:02 | Crear | Villager (Male) |
| 5:03 | Crear | Villager (Male) |
| 5:03 | Crear | Villager (Male) |
| 5:12 | Construir | Barracks |
| 5:33 | Crear | Villager (Male) |
| 5:59 | Construir | House |
| 6:31 | Crear | Militia |
| 6:31 | Crear | Militia |
| 6:32 | Crear | Militia |
| 6:50 | Crear | Militia |
| 7:05 | Crear | Villager (Male) |
| 7:06 | Crear | Villager (Male) |
| 7:19 | Construir | Mill |
| 7:22 | Crear | Villager (Male) |
| 7:23 | Crear | Villager (Male) |
| 7:38 | Construir | House |
| 8:15 | Construir | Mule Cart |
| 8:24 | Construir | Mule Cart |
| 8:32 | Crear | Villager (Male) |
| 8:46 | Crear | Villager (Male) |
| 9:07 | Crear | Villager (Male) |
| 9:08 | Crear | Villager (Male) |
| 9:28 | Crear | Villager (Male) |
| 9:43 | Construir | House |
| 10:25 | Crear | Villager (Male) |
| 10:25 | Crear | Villager (Male) |
| 10:31 | Construir | Mule Cart |
| 11:33 | Crear | Villager (Male) |
| 11:37 | Crear | Villager (Male) |
| 11:42 | Construir | House |
| 11:51 | Construir | Mule Cart |
| 11:53 | Crear | Villager (Male) |
| 12:28 | Investigar | Feudal Age |
| 12:42 | Crear | Villager (Male) |
| 13:13 | Crear | Villager (Male) |
| 14:02 | Construir | Farm |
| 14:02 | Construir | Farm |
| 14:03 | Construir | Farm |
| 14:03 | Construir | Farm |
| 14:03 | Construir | Farm |
| 14:03 | Construir | Farm |
| 14:04 | Construir | Farm |
| 14:04 | Construir | Farm |
| 14:12 | Construir | Farm |
| 14:14 | Crear | Villager (Male) |
| 14:16 | Crear | Villager (Male) |
| 14:35 | Crear | Villager (Male) |
| 14:43 | Edad | Edad Feudal |
| 14:46 | Construir | Dock |
| 14:56 | Investigar | Man-at-Arms (upgrade) |
| 15:24 | Crear | Villager (Male) |
| 15:25 | Crear | Villager (Male) |
| 15:48 | Crear | Villager (Male) |
| 16:14 | Crear | Villager (Male) |
| 16:15 | Crear | Villager (Male) |
| 16:21 | Crear | Fishing Ship |
| 16:21 | Crear | Fishing Ship |
| 16:26 | Construir | Palisade Wall |
| 16:28 | Construir | Palisade Gate |
| 16:44 | Crear | Villager (Male) |
| 16:49 | Construir | Farm |
| 16:49 | Construir | Farm |
| 16:49 | Construir | Farm |
| 16:49 | Construir | Farm |
| 16:49 | Construir | Farm |
| 16:50 | Construir | Farm |
| 16:56 | Construir | House |
| 17:01 | Crear | Villager (Male) |
| 17:06 | Construir | Blacksmith |
| 17:08 | Construir | House |
| 17:15 | Crear | Villager (Male) |
| 17:15 | Crear | Villager (Male) |
| 17:22 | Crear | Fishing Ship |
| 17:37 | Construir | Dock |
| 18:15 | Crear | Fishing Ship |
| 18:19 | Crear | Villager (Male) |
| 18:27 | Construir | House |
| 18:37 | Crear | Fishing Ship |
| 18:38 | Crear | Fishing Ship |
| 18:58 | Investigar | Horse Collar |
| 19:27 | Investigar | Tech 906 |
| 19:29 | Crear | Villager (Male) |
| 19:30 | Crear | Villager (Male) |
| 19:40 | Construir | House |
| 19:43 | Construir | Barracks |
| 19:46 | Crear | Villager (Male) |
| 19:47 | Crear | Villager (Male) |
| 19:54 | Investigar | Double-Bit Axe |
| 19:58 | Investigar | Gold Mining |
| 20:06 | Construir | Dock |
| 20:31 | Crear | Villager (Male) |
| 20:44 | Construir | House |
| 20:45 | Construir | Stone Wall |
| 21:13 | Crear | Fishing Ship |
| 21:13 | Crear | Fishing Ship |
| 21:21 | Construir | House |
| 21:28 | Crear | Villager (Male) |
| 21:41 | Construir | Market |
| 21:48 | Crear | Spearman |
| 21:49 | Crear | Spearman |
| 21:49 | Crear | Spearman |
| 21:51 | Crear | Spearman |
| 21:51 | Crear | Spearman |
| 21:51 | Crear | Spearman |
| 21:53 | Crear | Villager (Male) |
| 22:15 | Investigar | Castle Age |
| 22:25 | Construir | Dock |
| 22:37 | Crear | Spearman |
| 22:38 | Crear | Spearman |
| 22:39 | Crear | Spearman |
| 22:40 | Crear | Spearman |
| 22:40 | Crear | Spearman |
| 22:48 | Construir | Stone Wall |
| 23:08 | Investigar | Pikeman (upgrade) |
| 23:11 | Investigar | Scale Mail Armor |
| 23:26 | Crear | Fishing Ship |
| 23:27 | Crear | Fishing Ship |
| 23:37 | Crear | Spearman |
| 23:38 | Crear | Spearman |
| 23:38 | Crear | Spearman |
| 23:46 | Construir | Gate |
| 23:52 | Crear | Spearman |
| 23:56 | Crear | Militia |
| 23:56 | Crear | Militia |
| 23:58 | Crear | Militia |
| 23:58 | Crear | Militia |
| 23:59 | Crear | Militia |
| 24:10 | Construir | Gate |
| 24:13 | Construir | Stone Wall |
| 24:17 | Construir | House |
| 24:25 | Investigar | Forging |
| 24:29 | Crear | Villager (Male) |
| 24:29 | Crear | Villager (Male) |
| 24:33 | Construir | House |
Build order — 🌟Stargazer
Primeras 150 de 503 acciones detectadas
| 0:02 | Crear | Villager (Male) ×4 |
| 0:04 | Construir | House |
| 0:05 | Construir | House |
| 0:32 | Investigar | Loom |
| 1:17 | Crear | Villager (Male) |
| 2:04 | Crear | Villager (Male) |
| 2:15 | Crear | Villager (Male) |
| 2:15 | Crear | Villager (Male) |
| 2:37 | Construir | House |
| 2:54 | Crear | Villager (Male) |
| 2:55 | Crear | Villager (Male) |
| 3:06 | Crear | Villager (Male) |
| 3:06 | Crear | Villager (Male) |
| 3:36 | Crear | Villager (Male) |
| 3:36 | Crear | Villager (Male) |
| 3:46 | Crear | Villager (Male) |
| 4:19 | Construir | House |
| 4:21 | Crear | Villager (Male) |
| 5:15 | Crear | Villager (Male) |
| 5:15 | Crear | Villager (Male) |
| 6:08 | Crear | Villager (Male) |
| 6:23 | Crear | Villager (Male) |
| 6:23 | Crear | Villager (Male) |
| 6:50 | Construir | Mill |
| 6:55 | Construir | Mill |
| 6:59 | Construir | Mill |
| 7:25 | Construir | Lumber Camp |
| 7:27 | Crear | Villager (Male) |
| 7:34 | Crear | Villager (Male) |
| 7:38 | Construir | House |
| 7:47 | Crear | Villager (Male) |
| 8:02 | Construir | House |
| 8:22 | Crear | Villager (Male) |
| 8:36 | Construir | Mill |
| 8:45 | Investigar | Feudal Age |
| 8:53 | Crear | Villager (Male) |
| 9:04 | Construir | Farm |
| 9:33 | Crear | Villager (Male) |
| 10:32 | Construir | Barracks |
| 10:38 | Construir | Palisade Wall |
| 10:41 | Construir | House |
| 10:51 | Construir | Mining Camp |
| 10:54 | Crear | Villager (Male) |
| 10:58 | Edad | Edad Feudal |
| 11:21 | Construir | House |
| 11:24 | Construir | Palisade Wall |
| 11:25 | Construir | Palisade Wall |
| 11:47 | Construir | House |
| 11:51 | Construir | Palisade Wall |
| 11:52 | Construir | Palisade Wall |
| 11:54 | Construir | Palisade Gate |
| 11:59 | Construir | Palisade Wall |
| 12:05 | Construir | Palisade Gate |
| 12:13 | Crear | Villager (Male) |
| 12:16 | Investigar | Man-at-Arms (upgrade) |
| 12:16 | Crear | Militia |
| 12:16 | Crear | Militia |
| 12:17 | Crear | Militia |
| 12:20 | Construir | Farm |
| 12:30 | Crear | Villager (Male) |
| 12:30 | Crear | Villager (Male) |
| 12:47 | Construir | Mining Camp |
| 12:52 | Crear | Villager (Male) |
| 12:58 | Construir | Palisade Wall |
| 12:59 | Construir | Palisade Wall |
| 13:05 | Construir | Palisade Gate |
| 13:08 | Crear | Villager (Male) |
| 13:29 | Crear | Villager (Male) |
| 13:29 | Crear | Villager (Male) |
| 13:57 | Crear | Militia |
| 13:57 | Crear | Militia |
| 14:05 | Construir | Farm |
| 14:08 | Construir | Farm |
| 14:08 | Construir | Farm |
| 14:08 | Construir | Farm |
| 14:09 | Construir | Farm |
| 14:13 | Crear | Villager (Male) |
| 14:23 | Crear | Villager (Male) |
| 14:23 | Crear | Villager (Male) |
| 14:41 | Construir | Farm |
| 14:44 | Construir | Farm |
| 14:50 | Construir | Palisade Wall |
| 14:56 | Crear | Villager (Male) |
| 15:26 | Crear | Militia |
| 15:26 | Crear | Militia |
| 15:40 | Crear | Villager (Male) |
| 15:42 | Crear | Villager (Male) |
| 15:46 | Construir | Blacksmith |
| 16:11 | Construir | House |
| 16:13 | Construir | Palisade Wall |
| 16:13 | Construir | Palisade Wall |
| 16:21 | Crear | Villager (Male) |
| 16:28 | Construir | Farm |
| 16:42 | Construir | Lumber Camp |
| 16:46 | Crear | Villager (Male) |
| 16:57 | Investigar | Arson |
| 16:59 | Investigar | Forging |
| 17:00 | Investigar | Scale Mail Armor |
| 17:04 | Construir | Market |
| 17:24 | Construir | Palisade Wall |
| 17:30 | Crear | Villager (Male) |
| 17:35 | Investigar | Horse Collar |
| 17:35 | Investigar | Horse Collar |
| 17:39 | Construir | Farm |
| 17:42 | Crear | Villager (Male) |
| 18:10 | Construir | House |
| 18:11 | Construir | House |
| 18:19 | Construir | House |
| 18:22 | Crear | Villager (Male) |
| 18:28 | Construir | Farm |
| 18:33 | Construir | Farm |
| 18:35 | Crear | Villager (Male) |
| 18:51 | Construir | Farm |
| 18:53 | Construir | Farm |
| 19:01 | Construir | House |
| 19:02 | Construir | House |
| 19:03 | Construir | House |
| 19:06 | Construir | Palisade Wall |
| 19:13 | Construir | Palisade Wall |
| 19:14 | Construir | Palisade Wall |
| 19:16 | Construir | Palisade Wall |
| 19:17 | Construir | Palisade Wall |
| 19:19 | Construir | Palisade Gate |
| 19:22 | Crear | Villager (Male) |
| 19:23 | Crear | Villager (Male) |
| 19:28 | Construir | House |
| 19:29 | Construir | House |
| 19:31 | Construir | House |
| 19:33 | Construir | Palisade Wall |
| 19:35 | Crear | Villager (Male) |
| 19:52 | Construir | Farm |
| 19:57 | Construir | Farm |
| 20:01 | Crear | Villager (Male) |
| 20:18 | Crear | Villager (Male) |
| 20:26 | Construir | Palisade Gate |
| 20:27 | Construir | Palisade Gate |
| 20:32 | Construir | Palisade Gate |
| 20:34 | Construir | Palisade Gate |
| 20:35 | Construir | Palisade Wall |
| 20:37 | Crear | Villager (Male) |
| 20:37 | Crear | Villager (Male) |
| 20:44 | Construir | Palisade Gate |
| 20:49 | Construir | Farm |
| 20:49 | Construir | Farm |
| 20:49 | Construir | Farm |
| 20:50 | Construir | Farm |
| 21:02 | Construir | House |
| 21:04 | Construir | House |
| 21:05 | Construir | House |
| 21:06 | Construir | House |
Cronología de la partida
| 1:36 | RodMe27 · wall_segment Palisade Wall x10 |
| 2:25 | RodMe27 · wall_segment Palisade Wall x7 |
| 3:22 | sergiogl100 · first_building Dock |
| 3:29 | RodMe27 · wall_segment Palisade Wall x13 |
| 5:09 | RodMe27 · first_building Dock |
| 5:12 | King Dario II · first_building Barracks |
| 5:34 | Nixo_89 · wall_segment Palisade Wall x7 |
| 6:51 | Nixo_89 · wall_segment Palisade Wall x7 |
| 8:33 | Andrew · wall_segment Palisade Wall x7 |
| 9:04 | Nixo_89 · wall_segment Palisade Wall x10 |
| 10:09 | Andrew · wall_segment Palisade Wall x4 |
| 10:32 | 🌟Stargazer · first_building Barracks |
| 10:38 | 🌟Stargazer · wall_segment Palisade Wall x1 |
| 10:42 | Nixo_89 · wall_segment Palisade Wall x1 |
| 10:48 | Nixo_89 · wall_segment Palisade Wall x4 |
| 10:55 | Nixo_89 · wall_segment Palisade Wall x5 |
| 10:58 | 🌟Stargazer · age_up feudal |
| 11:24 | 🌟Stargazer · wall_segment Palisade Wall x1 |
| 11:25 | Andrew · first_building Barracks |
| 11:25 | 🌟Stargazer · wall_segment Palisade Wall x1 |
| 11:42 | sergiogl100 · age_up feudal |
| 11:51 | 🌟Stargazer · wall_segment Palisade Wall x9 |
| 11:52 | 🌟Stargazer · wall_segment Palisade Wall x1 |
| 11:59 | 🌟Stargazer · wall_segment Palisade Wall x6 |
| 12:10 | Nixo_89 · age_up feudal |
| 12:16 | Andrew · wall_segment Palisade Wall x5 |
| 12:20 | Nixo_89 · first_building Barracks |
| 12:32 | RodMe27 · first_building Barracks |
| 12:45 | Andrew · age_up feudal |
| 12:49 | Andrew · first_building Stable |
| 12:58 | 🌟Stargazer · wall_segment Palisade Wall x7 |
| 12:59 | 🌟Stargazer · wall_segment Palisade Wall x11 |
| 13:25 | Andrew · wall_segment Palisade Wall x9 |
| 13:45 | Nixo_89 · first_building Archery Range |
| 14:16 | Nixo_89 · wall_segment Palisade Wall x10 |
| 14:34 | RodMe27 · age_up feudal |
| 14:43 | King Dario II · age_up feudal |
| 14:44 | RodMe27 · first_building Stable |
| 14:46 | sergiogl100 · first_building Barracks |
| 14:46 | King Dario II · first_building Dock |
| 14:50 | 🌟Stargazer · wall_segment Palisade Wall x1 |
| 14:57 | Andrew · first_market_buy 100 food |
| 16:09 | Andrew · wall_segment Palisade Wall x13 |
| 16:13 | 🌟Stargazer · wall_segment Palisade Wall x1 |
| 16:13 | 🌟Stargazer · wall_segment Palisade Wall x1 |
| 16:22 | sergiogl100 · first_building Stable |
| 16:26 | King Dario II · wall_segment Palisade Wall x6 |
| 16:41 | Nixo_89 · wall_segment Palisade Wall x1 |
| 16:51 | Nixo_89 · wall_segment Stone Wall x10 |
| 17:24 | 🌟Stargazer · wall_segment Palisade Wall x5 |
| 17:34 | Andrew · first_market_sell 100 wood |
| 17:39 | Andrew · age_up castle |
| 18:14 | Andrew · first_building Siege Workshop |
| 18:22 | sergiogl100 · first_building Archery Range |
| 18:48 | Nixo_89 · wall_segment Stone Wall x10 |
| 18:56 | Nixo_89 · wall_segment Stone Wall x4 |
| 18:58 | Nixo_89 · wall_segment Stone Wall x6 |
| 19:02 | Nixo_89 · wall_segment Stone Wall x7 |
| 19:06 | 🌟Stargazer · wall_segment Palisade Wall x5 |
| 19:13 | 🌟Stargazer · wall_segment Palisade Wall x2 |
| 19:14 | 🌟Stargazer · wall_segment Palisade Wall x9 |
| 19:16 | 🌟Stargazer · wall_segment Palisade Wall x10 |
| 19:17 | 🌟Stargazer · wall_segment Palisade Wall x5 |
| 19:26 | Nixo_89 · wall_segment Stone Wall x3 |
| 19:27 | Nixo_89 · wall_segment Stone Wall x1 |
| 19:33 | 🌟Stargazer · wall_segment Palisade Wall x1 |
| 20:35 | 🌟Stargazer · wall_segment Palisade Wall x1 |
| 20:45 | King Dario II · wall_segment Stone Wall x1 |
| 20:48 | sergiogl100 · age_up castle |
| 20:49 | sergiogl100 · wall_segment Stone Wall x18 |
| 21:19 | RodMe27 · wall_segment Stone Wall x5 |
| 21:37 | 🌟Stargazer · first_market_sell 100 wood |
| 22:33 | RodMe27 · wall_segment Stone Wall x1 |
| 22:48 | King Dario II · wall_segment Stone Wall x18 |
| 22:52 | 🌟Stargazer · wall_segment Palisade Wall x1 |
| 22:53 | 🌟Stargazer · wall_segment Palisade Wall x1 |
| 22:57 | 🌟Stargazer · wall_segment Palisade Wall x7 |
| 22:58 | 🌟Stargazer · wall_segment Palisade Wall x8 |
| 23:34 | Nixo_89 · wall_segment Stone Wall x1 |
| 23:35 | Nixo_89 · wall_segment Stone Wall x1 |
| 23:45 | Nixo_89 · age_up castle |
| 23:54 | 🌟Stargazer · wall_segment Palisade Wall x2 |
| 23:55 | 🌟Stargazer · wall_segment Palisade Wall x2 |
| 23:57 | 🌟Stargazer · wall_segment Palisade Wall x4 |
| 23:59 | 🌟Stargazer · wall_segment Palisade Wall x8 |
| 24:13 | King Dario II · wall_segment Stone Wall x1 |
| 24:17 | 🌟Stargazer · age_up castle |
| 24:27 | sergiogl100 · first_building Castle |
| 24:31 | Nixo_89 · first_building Monastery |
| 24:55 | King Dario II · age_up castle |
| 25:39 | King Dario II · first_building Siege Workshop |
| 26:20 | 🌟Stargazer · first_building Monastery |
| 27:02 | Andrew · first_building Monastery |
| 27:09 | Nixo_89 · first_building Castle |
| 28:00 | sergiogl100 · first_building Siege Workshop |
| 28:39 | RodMe27 · age_up castle |
| 29:36 | RodMe27 · first_building Castle |
| 30:59 | RodMe27 · wall_segment Stone Wall x1 |
| 31:37 | sergiogl100 · first_market_sell 100 wood |
| 32:06 | RodMe27 · wall_segment Stone Wall x17 |
| 32:15 | RodMe27 · wall_segment Stone Wall x10 |
| 32:32 | Nixo_89 · wall_segment Stone Wall x1 |
| 32:42 | Nixo_89 · first_building Siege Workshop |
| 32:49 | Nixo_89 · wall_segment Stone Wall x1 |
| 33:02 | Nixo_89 · wall_segment Stone Wall x1 |
| 33:05 | Nixo_89 · wall_segment Stone Wall x1 |
| 33:09 | Nixo_89 · wall_segment Stone Wall x1 |
| 33:13 | Nixo_89 · wall_segment Stone Wall x1 |
| 33:17 | Nixo_89 · wall_segment Stone Wall x1 |
| 33:46 | Andrew · first_building Archery Range |
| 34:12 | King Dario II · first_market_sell 100 food |
| 34:41 | sergiogl100 · age_up imperial |
| 34:44 | Andrew · age_up imperial |
| 35:06 | Nixo_89 · age_up imperial |
| 35:16 | Nixo_89 · wall_segment Stone Wall x1 |
| 36:10 | 🌟Stargazer · first_building Castle |
| 36:36 | Nixo_89 · wall_segment Stone Wall x1 |
| 36:43 | 🌟Stargazer · first_building Siege Workshop |
| 37:07 | Andrew · first_building Castle |
| 37:37 | King Dario II · first_building Castle |
| 37:54 | King Dario II · wall_segment Stone Wall x1 |
| 38:41 | sergiogl100 · tribute_sent a jugador 2 |
| 38:41 | sergiogl100 · tribute_sent a jugador 3 |
| 38:41 | sergiogl100 · tribute_sent a jugador 4 |
| 38:41 | sergiogl100 · tribute_sent a jugador 5 |
| 38:41 | sergiogl100 · tribute_sent a jugador 6 |
| 39:27 | King Dario II · tribute_sent a jugador 1 |
| 39:27 | King Dario II · tribute_sent a jugador 2 |
| 39:27 | King Dario II · tribute_sent a jugador 3 |
| 39:27 | King Dario II · tribute_sent a jugador 4 |
| 39:27 | King Dario II · tribute_sent a jugador 6 |
| 39:49 | 🌟Stargazer · wall_segment Stone Wall x7 |
| 41:11 | 🌟Stargazer · wall_segment Stone Wall x7 |
| 41:12 | 🌟Stargazer · wall_segment Stone Wall x7 |
| 41:58 | 🌟Stargazer · first_market_buy 100 stone |
| 42:45 | King Dario II · age_up imperial |
| 44:54 | RodMe27 · first_market_buy 100 food |
| 44:54 | Andrew · wall_segment Stone Wall x2 |
| 45:28 | 🌟Stargazer · age_up imperial |
| 45:31 | King Dario II · first_building Archery Range |
| 46:14 | Andrew · wall_segment Palisade Wall x1 |
| 46:50 | Andrew · wall_segment Stone Wall x1 |
| 47:33 | Nixo_89 · tribute_sent a jugador 1 |
| 47:33 | Nixo_89 · tribute_sent a jugador 3 |
| 47:33 | Nixo_89 · tribute_sent a jugador 4 |
| 47:33 | Nixo_89 · tribute_sent a jugador 5 |
| 47:33 | Nixo_89 · tribute_sent a jugador 6 |
| 47:40 | Nixo_89 · tribute_sent a jugador 1 |
| 47:40 | Nixo_89 · tribute_sent a jugador 3 |
| 47:40 | Nixo_89 · tribute_sent a jugador 4 |
| 47:40 | Nixo_89 · tribute_sent a jugador 5 |
| 47:40 | Nixo_89 · tribute_sent a jugador 6 |
| 47:54 | King Dario II · tribute_sent a jugador 1 |
| 47:54 | King Dario II · tribute_sent a jugador 2 |
| 47:54 | King Dario II · tribute_sent a jugador 3 |
| 47:54 | King Dario II · tribute_sent a jugador 4 |
| 47:54 | King Dario II · tribute_sent a jugador 6 |
| 51:42 | Andrew · first_building Dock |
| 53:15 | 🌟Stargazer · wall_segment Stone Wall x7 |
| 53:16 | 🌟Stargazer · wall_segment Stone Wall x11 |
| 53:20 | RodMe27 · first_building Monastery |
| 53:37 | sergiogl100 · resign |
[ ANÁLISIS IA · 1 CRÉDITO ]
¿Qué pasó realmente en esta partida?
Wolo.gg analiza cada decisión: build order, eco, micro, errores típicos por bracket. Análisis personalizado por WhatsApp o Discord en 30 segundos.
Guía civ
Georgianos
Guía mapa
Highland
Perfil
Jugador #21349983